 Dungeon Crawl Stone Soup version 0.30-a0-937-ga0a21ad780 (webtiles) character file.

Game seed: 15412527424865721641

63 Nyon the Chopper (level 3, 0/33 HPs)
             Began as a Minotaur Berserker on Mar 25, 2023.
             Was a Follower of Trog.
             Slain by a gnoll
             ... wielding a +0 club
              (3 damage)
             ... on level 2 of the Dungeon.
             The game lasted 00:02:04 (616 turns).

Nyon the Chopper (Minotaur Berserker)                Turns: 616, Time: 00:02:05

Health: 0/33       AC:  9    Str: 23    XL:     3   Next: 87%
Magic:  2/2        EV:  8    Int:  4    God:    Trog [*.....]
Gold:   88         SH:  0    Dex:  9    Spells: 2/2 levels left

rFire   . . .      SeeInvis .    a - +0 hand axe
rCold   . . .      Faith    .    (no shield)
rNeg    . . .      Spirit   .    h - +0 chain mail
rPois   .          Reflect  .    (helmet restricted)
rElec   .          Rampage  .    (no cloak)
rCorr   .                        (no gloves)
Will    .....                    (no boots) Stlth
                                 (no amulet)
HPRegen 0.25/turn                (no ring)
MPRegen 0.08/turn                (no ring)

@: on berserk cooldown, slowed, very slow
A: horns 2, retaliatory headbutt
a: Renounce Religion, Berserk


You were on level 2 of the Dungeon.
You worshipped Trog.
Trog was aware of your devotion.
You visited 1 branch of the dungeon, and saw 2 of its levels.

You collected 88 gold pieces.

Inventory:

Hand Weapons
 a - a +0 hand axe (weapon)
Armour
 h - a +0 chain mail (worn)
Scrolls
 g - a scroll of blinking


   Skills:
 + Level 4.2 Fighting
 + Level 4.2 Axes
 + Level 3.3 Armour
 + Level 3.0 Dodging


You had 2 spell levels left.
You didn't know any spells.
Your spell library was empty.

Dungeon Overview and Level Annotations

Branches:
Dungeon (2/15)

Altars:


Innate Abilities, Weirdness & Mutations

You have a pair of horns on your head.
You reflexively headbutt those who attack you in melee.


Message History

Things that are here:
a +0 club; a hobgoblin corpse; a goblin corpse You barely miss the gnoll.
You hit the goblin.
You kill the goblin!
Trog accepts your kill.
You hit the gnoll. You hit the goblin but do no damage. You hit the hobgoblin.
You kill the hobgoblin!
Trog accepts your kill. The goblin closely misses you.
The gnoll hits you with a +0 club. x3
The goblin closely misses you.
The gnoll hits you but does no damage. x2
You barely miss the gnoll.
You headbutt the gnoll, but do no damage.
You hit the gnoll. x2; You closely miss the goblin.
The goblin no longer looks unusually strong.
The gnoll hits you with a +0 club.
* * * LOW HITPOINT WARNING * * *
The gnoll barely misses you. The gnoll hits you but does no damage.
The goblin hits you with a +0 club.
* * * LOW HITPOINT WARNING * * *
Unknown command.
You slash the gnoll!
The gnoll is severely wounded.
You hit the gnoll. x2; You hit the goblin.
The goblin hits you but does no damage. The gnoll hits you but does no damage.
The gnoll closely misses you. The gnoll hits you but does no damage.
The goblin barely misses you. The gnoll hits you with a +0 club.
* * * LOW HITPOINT WARNING * * *
The gnoll completely misses you. The gnoll barely misses you.
You hit the gnoll. You headbutt the gnoll.
You kill the gnoll!
Trog accepts your kill.
You closely miss the gnoll. You hit the gnoll. You hit the goblin.
You kill the goblin!
Trog accepts your kill. The gnoll hits you with a +0 club.
* * * LOW HITPOINT WARNING * * *
The gnoll barely misses you.
Your Dodging skill increases to level 3!
The gnoll hits you with a +0 club.
You die...

... #..
#>##.####
#.......#
#.....#.#
#<.....#
#))...#.#
#.g)..#
..###)#)###
......g@#
....!.......#
.........#####
#####.#..#
#....# ......
.#.#..!
#.#.####


You could see 2 gnolls.

Vanquished Creatures
  Robin (D:2)
  2 gnolls
  2 dart slugs (D:1)
  A ball python (D:2)
  An endoplasm (D:1)
  5 hobgoblins
  2 kobolds (D:1)
  A bat (D:1)
  2 frilled lizards (D:1)
  9 goblins
  2 rats (D:1)
28 creatures vanquished.

Notes
Turn   | Place    | Note
-------+----------+-------------------------------------------
     0 | D:1      | Nyon the Minotaur Berserker began the quest for the Orb.
     0 | D:1      | Reached XP level 1. HP: 19/19 MP: 0/0
   206 | D:1      | Reached XP level 2. HP: 27/27 MP: 1/1
   596 | D:2      | Noticed Robin
   602 | D:2      | Killed Robin
   603 | D:2      | Reached XP level 3. HP: 33/33 MP: 2/2
   616 | D:2      | Slain by a gnoll

Illustrated notes

Levels and vault maps discovered:
D:1:      minmay_arrival_cross, layout_rooms, patterned_corridor
D:2:      layout_loops_ring, kennysheep_boxes, uniq_natasha,
          uniq_crazy_yiuf_cottage, uniq_robin

Skill      XL: |  1  2  3 |
---------------+----------+-----
Fighting       | 4 |  4.2
Axes           | 4 |  4.2
Armour         | 3 |  3.3
Dodging        | 3 |  3.0

Action                     || total
---------------------------++-------
  Melee: Hand axe          ||    40
         Headbutt          ||     8
 Invoke: Berserk           ||     1
    Use: Scroll            ||     7
         Potion            ||     3
 Armour: Animal skin       ||     3
         Chain mail        ||    23
  Dodge: Dodged            ||    46

Table legend: (Time is in decaauts)
 A = Elapsed time spent in this place.
 B = Non-inter-level travel time spent in this place.
 C = Inter-level travel time spent in this place.
 D = Time resting spent in this place.
 E = Time spent auto-exploring this place.
 F = Levels seen in this place.
 G = Mean time per level.
                   A        B        C        D        E       F      G
               +--------+--------+--------+--------+--------+-----+--------+
         Total |    622 |    622 |      0 |      0 |    450 |   2 |  311.0 |
       Dungeon |    622 |    622 |      0 |      0 |    450 |   2 |  311.0 |
               +--------+--------+--------+--------+--------+-----+--------+

Top non-repeatable levels by time:
     D:1: 599 daAuts
     D:2: 23 daAuts
